AoeStats
← Lagarto

Northern Isles

510293755Analyzed
1v1 RM · 9h ago on Sep 30, 2026· 44m 50s· 2 players
Game mode
Random Map
Map size
Tiny (2 player)
Population
200
Speed
Normal
Resources
Standard
Victory
Conquest
Starting age
Dark Age
Ending age
Imperial Age
RankedLock teamsTeams togetherTeam positionsShared explorationLock speedFull tech treeHidden civsTurbo modeCheats
Victory
Defeat
🇪🇸 Huns · Spain
498
+19
🇨🇳 Wu · China
553
-19
Lagarto
11:52 Feudal Age
13:09 Wheelbarrow
12:16 Horse Collar
12:37 Double-Bit Axe
17:30 Man-at-Arms
22:05 Gold Mining
28:16 Castle Age
27:29 Town Watch
32:01 Husbandry
32:12 Bloodlines
33:42 Gold Shaft Mining
33:00 Stone Mining
34:51 Hand Cart
38:51 Imperial Age
38:58 Long Swordsman
39:49 Cavalier
40:14 Two-Handed Swordsman
DXT
6:56 Loom
11:44 Feudal Age
12:32 Fishing Lines
13:30 Double-Bit Axe
25:59 Fletching
28:12 Padded Archer Armor
32:43 Scale Mail Armor
32:54 Forging
36:40 Castle Age
37:27 Crossbowman
37:30 Pikeman
38:50 Iron Casting
38:30 Chain Mail Armor
38:11 Bodkin Arrow
38:46 Red Cliffs Tactics
39:43 Gold Mining
Connection lost

Rejoining the realm…

Still unreachable

The connection could not be restored.

Session expired

The server has moved on; the page needs a fresh start.